 Dungeon Crawl Stone Soup version 0.31-a0-559-g03b8d61ab2 (webtiles) character file.

Game seed: 16814821948293707393

118 Ethylacetat the Ducker (level 5, -10/36 HPs)
             Began as an Octopode Gladiator on Aug 17, 2023.
             Mangled by a gnoll
             ... wielding a +0 halberd
             ... led by a gnoll bouda
              (11 damage)
             ... on level 4 of the Dungeon.
             The game lasted 00:02:15 (2383 turns).

Ethylacetat the Ducker (Octopode Gladiator)         Turns: 2383, Time: 00:02:16

Health: -10/36     AC:  1    Str: 13    XL:     5   Next: 2%
Magic:  5/5        EV: 14    Int: 14    God:
Gold:   145        SH:  0    Dex: 16    Spells: 4/4 levels left

rFire   . . .        k - +4 short sword "Conservator" {vamp, rN+ Int+4}
rCold   . . .        (no shield)
rNeg    + . .        a - +0 hat
rPois   .            (no amulet)
rElec   .            (no ring)
rCorr   .            (no ring)
SInv    .            (no ring)
Will    .....        (no ring)
Stlth   +++          (no ring)
HPRegen 0.26/turn    (no ring)
MPRegen 0.09/turn    (no ring)
                     (no ring)

%: no passive effects
@: weakened, studying Short Blades
A: almost no armour, amphibious, 8 rings, camouflage 1, gelatinous body 1,
(nimble swimmer 1), tentacles
a: no special abilities


You were on level 4 of the Dungeon.
You visited 1 branch of the dungeon, and saw 4 of its levels.

You collected 145 gold pieces.

Inventory:

Hand Weapons
 k - the +4 short sword "Conservator" (weapon) {vamp, rN+ Int+4}
   (You found it on level 2 of the Dungeon)

   Int+4:     It affects your intelligence (+4).
   rN+:       It protects you from negative energy.
Missiles
 b - 3 throwing nets (quivered)
 c - a javelin
Armour
 a - a +0 hat (worn)
Scrolls
 e - a scroll of fear {unknown}
 f - a scroll of blinking {unknown}
 g - a scroll of poison {unknown}
 i - a scroll of identify {unknown}
 l - a scroll of vulnerability {unknown}
 m - 2 scrolls of enchant weapon {unknown}
 n - a scroll of fog {unknown}
 o - 2 scrolls of teleportation {unknown}
Potions
 d - 2 potions of might {unknown}
 h - 4 potions of curing {unknown}
 j - 2 potions of enlightenment {unknown}
 p - a potion of attraction {unknown}
 q - a potion of invisibility {unknown}


   Skills:
 + Level 3.2 Fighting
 + Level 1.2 Short Blades
 - Level 2.0 Throwing
 + Level 3.9 Dodging
 + Level 1.3 Stealth
 - Level 3.7 Unarmed Combat


You had 4 spell levels left.
You didn't know any spells.
Your spell library contained the following spells:

 Spells                   Type           Power      Damage    Failure   Level
 Apportation              Tloc           0%         N/A       28%         1
 Necrotise                Necr           0%         1d4       28%         1
 Summon Small Mammal      Summ           0%         N/A       28%         1


Dungeon Overview and Level Annotations

Branches:
Dungeon (4/15)
 Temple: D:4-7

Altars:
Nemelex Xobeh
Vehumet


Innate Abilities, Weirdness & Mutations

You cannot wear most types of armour.
You are amphibious.
You can wear up to eight rings at the same time.
Your skin changes colour to match your surroundings (Stealth+).
Your rubbery body absorbs attacks. (AC +1, EV +1)
((You are camouflaged when in or above water. (Stealth+)))
You have tentacles for arms and can constrict up to eight enemies at once.


Message History

The gnoll bouda is almost dead.
You constrict the gnoll bouda, but do no damage.
The gnoll bouda mumbles some strange prayers to its god.
The gnoll bouda is healed somewhat.
The gnoll barely misses you. The gnoll misses you.
You hit the gnoll bouda.
The gnoll bouda is almost dead.
You constrict the gnoll bouda.
The gnoll bouda escapes!
The gnoll closely misses you.
The gnoll hits you from afar with a +0 spear.
* * * LOW HITPOINT WARNING * * *
You barely miss the gnoll bouda. You grab the gnoll bouda.
You squeeze the gnoll bouda, but do no damage.
The gnoll bouda is almost dead.
You constrict the gnoll bouda, but do no damage.
The gnoll bouda mumbles some strange prayers to its god.
The gnoll bouda is healed somewhat.
The gnoll barely misses you. The gnoll closely misses you.
You release your grip on the gnoll bouda.
The gnoll bouda barely misses you.
The gnoll hits you from afar with a +0 spear!
* * * LOW HITPOINT WARNING * * *
The gnoll barely misses you.
You hit the gnoll bouda but do no damage.
You grab the gnoll bouda. You squeeze the gnoll bouda.
The gnoll bouda is almost dead.
You constrict the gnoll bouda, but do no damage.
The gnoll bouda completely misses you. The gnoll misses you. x2
You hit the gnoll bouda but do no damage.
The gnoll bouda is almost dead.
You constrict the gnoll bouda.
You kill the gnoll bouda!
Your Short Blades skill increases to level 1!
Your Stealth skill increases to level 1!
You have reached level 5!
You feel agile.
The gnoll hits you from afar with a +0 spear.
* * * LOW HITPOINT WARNING * * *
The gnoll hits you from afar with a +0 halberd!
You die...

####.## . #.....# ..
#.....##. #.......
###.....### #>
#.........####.
#gg........#+##
#.###.#####...##
#@###.# ##.....##
#..##.###.......##
##...#.##....)....#
#.......'.........'
##...#.##.........#
.........###.......##
##.#.###.# ##.....##
#.#.# #.# ##...## #
#.# #.# ##'##


You could see 2 gnolls.

Vanquished Creatures
  A gnoll bouda (D:4)
  A gnoll (D:4)
  An adder (D:3)
  4 dart slugs
  An orc (D:3)
  5 bats
  An endoplasm (D:4)
  4 giant cockroaches
  7 goblins
  7 hobgoblins
  3 jackals (D:3)
  A quokka (D:2)
  9 ball pythons
  2 frilled lizards (D:1)
  4 kobolds
  6 rats
57 creatures vanquished.

Notes
Turn   | Place    | Note
-------+----------+-------------------------------------------
     0 | D:1      | Ethylacetat the Octopode Gladiator began the quest for the
                  | Orb.
     0 | D:1      | Reached XP level 1. HP: 14/14 MP: 1/1
    23 | D:1      | Found a faded altar of an unknown god.
   167 | D:1      | Reached XP level 2. HP: 19/19 MP: 2/2
   520 | D:1      | Reached XP level 3. HP: 24/25 MP: 3/3
   937 | D:2      | Identified the +4 short sword "Conservator" {vamp, rN+
                  | Int+4}
  1230 | D:2      | Found a radiant altar of Vehumet.
  1447 | D:3      | Reached XP level 4. HP: 30/30 MP: 4/4
  1958 | D:3      | Found a sparkling altar of Nemelex Xobeh.
  2383 | D:4      | Reached skill level 1 in Short Blades
  2383 | D:4      | Reached skill level 1 in Stealth
  2383 | D:4      | Reached XP level 5. HP: 3/36 MP: 5/5
  2383 | D:4      | HP: 1/36 [gnoll/+0 spear[a gnoll bouda] (2)]
  2383 | D:4      | Mangled by a gnoll

Illustrated notes

Levels and vault maps discovered:
D:1:      dpeg_arrival_rooms_c, layout_rooms,
          hellmonk_ecumenical_altar_crossroads, minmay_misc_feat_iff,
          st_stairs_3, hex_intersection
D:2:      layout_basic, basic_altar
D:3:      layout_basic, mainiacjoe_overflow_alcove_4, roderic_roman_lattice
D:4:      layout_loops_corners, uniq_eustachio

Skill      XL: |  1  2  3  4 |
---------------+-------------+-----
Fighting       | 3 |  3.2
Short Blades   | 1 |  1.2
Stealth        | 1 |  1.3
Throwing       | |  2.0
Dodging        | |  3.9
Unarmed Combat | |  3.7

Action                     |  1- 3 |  4- 6 || total
---------------------------+-------+-------++-------
  Melee: Unarmed           |    68 |       ||    68
         Constrict         |    32 |    12 ||    44
         Tentacles         |    15 |     7 ||    22
         Punch             |     3 |     1 ||     4
         Short sword       |    19 |    39 ||    58
   Stab: Sleeping          |     8 |     4 ||    12
 Armour: Skin              |     6 |     3 ||     9
  Dodge: Dodged            |    66 |    30 ||    96

Table legend: (Time is in decaauts)
 A = Elapsed time spent in this place.
 B = Non-inter-level travel time spent in this place.
 C = Inter-level travel time spent in this place.
 D = Time resting spent in this place.
 E = Time spent auto-exploring this place.
 F = Levels seen in this place.
 G = Mean time per level.
                   A        B        C        D        E       F      G
               +--------+--------+--------+--------+--------+-----+--------+
         Total |   2377 |   2297 |     80 |      0 |   1946 |   4 |  594.2 |
       Dungeon |   2377 |   2297 |     80 |      0 |   1946 |   4 |  594.2 |
               +--------+--------+--------+--------+--------+-----+--------+

Top non-repeatable levels by time:
     D:2: 798 daAuts
     D:3: 739 daAuts
     D:1: 555 daAuts
     D:4: 283 daAuts
